 Dungeon Sprint DCSS version bcrawl-1.19.2-6-g6a88ae04c9 (webtiles) character file.

Game seed: 16929654774022507007

24586 Freyura the Bludgeoner (level 13, -9/92 HPs)
             Began as a Gargoyle Fighter on Jan 7, 2020.
             Was the Champion of the Shining One.
             Killed by divine providence
             ... invoked by an orc priest
             ... led by Saint Roka
              (10 damage)
             ... in the Dungeon (Sprint IX: "|||||||||||||||||||||||||||||").
             The game lasted 00:12:27 (2170 turns).

Freyura the Bludgeoner (Gargoyle Fighter)           Turns: 2170, Time: 00:12:28

Health: -9/92      AC: 37    Str: 19    XL:     13   Next: 14%
Magic:  21/23      EV: 12    Int: 11    God:    the Shining One [******]
Gold:   1900       SH: 11    Dex: 13    Spells: 12/12 levels left

rFire    . . .     SeeInvis .   o - +2 dire flail (crush)
rCold    . . .     Gourm    .   (shield currently unavailable)
rNeg     + + +     Faith    .   F - +2 plate armour
rPois    ∞         Spirit   .   p - +0 helmet
rElec    +         Reflect  .   z - +0 cloak
rCorr    .         Harm     .   x - +0 pair of gloves
MR       +....     NoTele   +   y - +0 pair of boots
Stlth    ..........             (no amulet)
HPRegen  0.25/turn              r - +2 ring of protection
MPRegen  0.18/turn              v - ring of protection from magic

@: divine shield, glowing
A: negative energy resistance 1, electricity resistance, unbreathing,
petrification resistance, rot immunity, AC +9
a: Divine Shield, Cleansing Flame, Summon Divine Warrior, Brand Weapon With Holy
Wrath, Renounce Religion


You were in the Dungeon.
You worshipped the Shining One.
The Shining One was exalted by your worship.
You were not hungry.

You visited 1 branch You collected 1900 gold pieces.

Inventory:

Hand Weapons
 o - a +2 dire flail of crushing (weapon)
Armour
 p - a +0 helmet (worn)
 x - a +0 pair of gloves (worn)
 y - a +0 pair of boots (worn)
 z - a +0 cloak (worn)
 C - the +3 warlock's mirror {reflect}
   (You found it in the Dungeon)
 F - a +2 plate armour (worn)
Jewellery
 r - a +2 ring of protection (left hand)
 s - a +2 ring of protection
 v - a ring of protection from magic (right hand)
 B - an uncursed ring of protection from fire
Wands
 m - a wand of iceblast (7)
Scrolls
 g - 4 scrolls of remove curse
 k - 3 scrolls of blinking
 l - 2 scrolls of amnesia
 n - 3 scrolls of fog
 t - 6 scrolls of enchant weapon
 u - 2 scrolls of fear
 w - a scroll of identify
Potions
 a - a potion of resistance
 b - a potion of brilliance
 d - a potion of heal wounds
 e - 6 potions of curing
 h - a potion of haste
 i - 4 potions of magic
 j - a potion of mutation
 D - a potion of agility
Comestibles
 f - 11 rations {!d}


   Skills:
 + Level 15.1 Fighting
 * Level 18.7 Maces & Flails
 + Level 15.1 Armour
 + Level 11.8 Dodging
 - Level 5.3 Shields
 + Level 14.3 Invocations


You had 12 spell levels left.
You didn't know any spells.
Your spell library was empty.

Dungeon Overview and Level Annotations

Branches:
Dungeon (1/1)

Altars:
Cheibriados
Dithmenos
Elyvilon
Fedhas
Gozag
Hepliaklqana
Kikubaaqudgha
Lugonu
Makhleb
Nemelex Xobeh
Okawaru
Qazlal
Ru
Sif Muna
Trog
Uskayaw
Vehumet
Wu Jian
Xom
Yredelemnul
Zin
The Shining One
Beogh
Jiyva

Shops:
D [*!%

Annotations:
D Saint Roka


Innate Abilities, Weirdness & Mutations

You are resistant to torment.
Your stone body is resilient. (AC +9)
You are immune to poison.
You resist negative energy. (rN+)
You are resistant to electric shocks. (rElec)
You can survive without breathing.
You are immune to petrification.
You are immune to rotting.


Message History

Saint Roka is lightly wounded.
You feel much better. Saint Roka hits you but does no damage.
You hit Saint Roka but do no damage.
Saint Roka is lightly wounded.
Saint Roka hits you but does no damage.
You sock Saint Roka!
Saint Roka is lightly wounded.
You hit Saint Roka but do no damage.
Saint Roka is lightly wounded.
Saint Roka mumbles some strange prayers to Beogh against you.
Beogh smites you!
* * * LOW HITPOINT WARNING * * *
You sock Saint Roka!
Saint Roka is moderately wounded.
Saint Roka invokes the aid of Beogh against you.
Beogh smites you!
* * * LOW HITPOINT WARNING * * *
The orc priest calls down the wrath of Beogh upon you.
Beogh smites you!
You die...

♣♣♣♣♣▓▓▓▓▓▓▓▓▓▓▓▓▓▓▓▓▓▓▓
...............)@oooo...
▓▓▓▓▓▓▓▓▓▓▓▓▓▓▓▓▓▓▓▓▓▓▓▓▓▓▓▓▓▓▓▓▓
.......[.[.[.[[[.)))))))).=...'..
▓▓▓▓▓▓▓▓▓▓▓▓▓▓▓▓▓▓▓▓▓▓▓▓▓▓▓▓▓▓▓▓▓
.................................
▓▓▓▓▓▓▓▓▓▓▓▓▓▓▓▓▓▓▓▓▓▓▓▓▓▓▓▓▓▓▓▓▓
......)).))))..)[)[.))[)))'......
▓▓▓▓▓▓▓▓▓▓▓▓▓▓▓▓▓▓▓▓▓▓▓▓▓▓▓▓▓▓▓▓▓
.................................


You could see Saint Roka, an orc priest, an orc wizard (invisible) and an orc.

Vanquished Creatures
  Donald (D)
  2 fire dragons (D)
  An ice dragon (D)
  2 ogre magi (D)
  A rakshasa (D)
  A hydra (D)
  Erica (D)
  A two-headed ogre (D)
  A centaur warrior (D)
  Sonja (D)
  7 orc high priests (D)
  An unseen horror (D)
  A cyclops (D)
  7 orc knights (D)
  An ugly thing (D)
  An orc sorcerer (D)
  A cane toad (D)
  A gargoyle (D)
  A rime drake (D)
  2 komodo dragons (D)
  An efreet (D)
  A troll (D)
  A meliai (D)
  A hornet (D)
  4 polar bears (D)
  3 hippogriffs (D)
  3 yaks (D)
  A basilisk (D)
  A hog (shapeshifter) (D)
  A human (shapeshifter) (D)
  A soldier ant (D)
  2 water moccasins (D)
  2 crocodiles (D)
  A porcupine (D)
  10 orc warriors (D)
  A sky beast (D)
  4 black bears (D)
  A necrophage (D)
  2 wolves (D)
  An ogre (D)
  2 bullfrogs (D)
  A big kobold (D)
  A jelly (D)
  A hound (D)
  3 orc priests (D)
  An orc wizard (D)
  An adder (D)
  2 leopard geckos (D)
  13 orcs (D)
  3 frilled lizards (D)
  A kobold (D)
  A rat (D)
107 creatures vanquished.

Notes
Turn   | Place    | Note
-------+----------+-------------------------------------------
     0 | D        | Freyura the Gargoyle Fighter began the quest for the Orb.
     0 | D        | Reached XP level 1. HP: 14/14 MP: 1/1
   120 | D        | Noticed a jelly
   120 | D        | Noticed a necrophage
   137 | D        | Reached skill level 3 in Maces & Flails
   137 | D        | Reached skill level 1 in Dodging
   137 | D        | Reached XP level 2. HP: 14/20 MP: 2/2
   157 | D        | Killed a necrophage
   157 | D        | Reached skill level 5 in Fighting
   157 | D        | Reached skill level 5 in Maces & Flails
   157 | D        | Reached skill level 5 in Armour
   157 | D        | Reached skill level 5 in Shields
   157 | D        | Reached XP level 3. HP: 26/26 MP: 3/3
   157 | D        | Reached XP level 4. HP: 31/31 MP: 4/4
   159 | D        | Reached XP level 5. HP: 33/35 MP: 5/5
   166 | D        | Found a roughly hewn altar of Beogh.
   166 | D        | Found a snail-covered altar of Cheibriados.
   166 | D        | Found a shadowy altar of Dithmenos.
   166 | D        | Found a white marble altar of Elyvilon.
   166 | D        | Found a blossoming altar of Fedhas.
   166 | D        | Found an opulent altar of Gozag.
   167 | D        | Found a hazy altar of Hepliaklqana.
   168 | D        | Found a viscous altar of Jiyva.
   169 | D        | Found an ancient bone altar of Kikubaaqudgha.
   170 | D        | Found a corrupted altar of Lugonu.
   171 | D        | Found a burning altar of Makhleb.
   172 | D        | Found a sparkling altar of Nemelex Xobeh.
   173 | D        | Found an iron altar of Okawaru.
   174 | D        | Found a stormy altar of Qazlal.
   175 | D        | Found a sacrificial altar of Ru.
   176 | D        | Found a shimmering blue altar of Sif Muna.
   177 | D        | Found a bloodstained altar of Trog.
   178 | D        | Found a hide-covered altar of Uskayaw.
   179 | D        | Found a radiant altar of Vehumet.
   180 | D        | Found an ornate altar of the Wu Jian Council.
   181 | D        | Found a shimmering altar of Xom.
   182 | D        | Found a basalt altar of Yredelemnul.
   183 | D        | Found a glowing silver altar of Zin.
   184 | D        | Found a glowing golden altar of the Shining One.
   192 | D        | Became a worshipper of the Shining One
   202 | D        | Got the +2 scimitar of Peril {vamp, Int+2 Dex+4}
   241 | D        | Noticed a big kobold
   241 | D        | Noticed a hippogriff
   241 | D        | Noticed a sky beast
   241 | D        | Reached * piety under the Shining One
   241 | D        | Noticed a two-headed ogre
   247 | D        | Killed a two-headed ogre
   247 | D        | Reached skill level 10 in Maces & Flails
   247 | D        | Reached skill level 5 in Dodging
   247 | D        | Reached XP level 6. HP: 44/44 MP: 5/10
   247 | D        | Reached XP level 7. HP: 49/49 MP: 5/11
   253 | D        | Reached XP level 8. HP: 54/54 MP: 5/12
   257 | D        | Killed a hippogriff
   323 | D        | Noticed a green ugly thing
   323 | D        | Noticed an efreet
   323 | D        | Reached ** piety under the Shining One
   323 | D        | Noticed a cyclops
   323 | D        | Noticed a hornet
   323 | D        | Noticed a yak
   332 | D        | Killed a yak
   332 | D        | Reached skill level 11 in Maces & Flails
   337 | D        | Killed a hornet
   343 | D        | Killed a cyclops
   343 | D        | Reached skill level 12 in Maces & Flails
   343 | D        | Reached XP level 9. HP: 34/62 MP: 13/15
   346 | D        | Killed an efreet
   346 | D        | Reached *** piety under the Shining One
   346 | D        | Reached skill level 10 in Armour
   349 | D        | Killed a green ugly thing
   349 | D        | Reached skill level 10 in Fighting
   619 | D        | Noticed a komodo dragon
   619 | D        | Reached **** piety under the Shining One
   631 | D        | Noticed a seven-headed hydra
   640 | D        | Killed a komodo dragon
   640 | D        | Reached skill level 13 in Maces & Flails
   643 | D        | Reached XP level 10. HP: 64/68 MP: 14/16
   652 | D        | Killed a seven-headed hydra
   783 | D        | Reached ***** piety under the Shining One
   796 | D        | Reached skill level 10 in Invocations
   800 | D        | Reached skill level 14 in Maces & Flails
   847 | D        | Noticed a cane toad
   856 | D        | Killed a cane toad
   893 | D        | Reached XP level 11. HP: 72/76 MP: 16/19
   956 | D        | Noticed Erica
   968 | D        | Killed Erica
   968 | D        | Reached skill level 15 in Maces & Flails
  1134 | D        | Noticed an orc sorcerer
  1134 | D        | Reached ****** piety under the Shining One
  1140 | D        | Killed an orc sorcerer
  1148 | D        | Noticed an orc high priest
  1161 | D        | Noticed a sixfirhy
  1161 | D        | Noticed a sun demon
  1187 | D        | Killed an orc high priest
  1217 | D        | Found Veacuyvu's Food Boutique.
  1217 | D        | Noticed an orc high priest
  1217 | D        | Noticed an orc knight
  1217 | D        | Noticed an orc high priest
  1217 | D        | Noticed an orc high priest
  1217 | D        | Noticed an orc knight
  1218 | D        | Noticed an orc knight
  1221 | D        | Killed an orc knight
  1230 | D        | Killed an orc high priest
  1236 | D        | Noticed an orc knight
  1240 | D        | Killed an orc high priest
  1240 | D        | Reached skill level 16 in Maces & Flails
  1240 | D        | Reached skill level 10 in Dodging
  1248 | D        | Noticed an orc knight
  1249 | D        | Killed an orc knight
  1250 | D        | Noticed an orc knight
  1256 | D        | Found Ashrunn's Distillery.
  1264 | D        | Killed an orc high priest
  1264 | D        | Noticed an orc high priest
  1272 | D        | Killed an orc knight
  1273 | D        | Found Gimopai's General Store.
  1280 | D        | Killed an orc knight
  1280 | D        | Noticed an orc high priest
  1285 | D        | Killed an orc knight
  1285 | D        | Reached XP level 12. HP: 84/84 MP: 21/21
  1286 | D        | Found Siex Kin's Armour Shop.
  1295 | D        | Killed an orc high priest
  1302 | D        | Killed an orc high priest
  1302 | D        | Reached skill level 17 in Maces & Flails
  1371 | D        | Noticed an orc high priest
  1396 | D        | Killed an orc high priest
  1557 | D        | Found the +3 warlock's mirror {reflect}
  1658 | D        | Noticed an ogre mage
  1661 | D        | Noticed a fire dragon
  1666 | D        | Noticed a rakshasa
  1681 | D        | Noticed an ice dragon
  1686 | D        | Killed an ogre mage
  1687 | D        | Noticed a centaur warrior
  1694 | D        | Killed a fire dragon
  1701 | D        | Killed a rakshasa
  1708 | D        | Noticed an ogre mage
  1717 | D        | Noticed a fire dragon
  1718 | D        | Killed an ice dragon
  1718 | D        | Reached skill level 18 in Maces & Flails
  1725 | D        | Killed a centaur warrior
  1733 | D        | Killed an ogre mage
  1743 | D        | HP: 1/86 [fire dragon/blast of flame (28)]
  1745 | D        | Killed a fire dragon
  1745 | D        | Reached XP level 13. HP: 27/91 MP: 23/23
  2006 | D        | Noticed Donald
  2008 | D        | Noticed Sonja
  2029 | D        | Killed Donald
  2029 | D        | Reached skill level 15 in Fighting
  2029 | D        | Reached skill level 15 in Armour
  2034 | D        | Killed Sonja
  2144 | D        | Noticed Saint Roka
  2170 | D        | HP: 1/92 [Saint Roka/divine providence (15)]
  2170 | D        | Killed from afar by an orc priest

Skill      XL: |  1  2  3  4  5  6  7  8  9 10 11 12 13 |
---------------+----------------------------------------+-----
Maces & Flails | 3 5 10 12 13 14 16 18 | 18.7
Dodging        | 1 2 3 5 6 7 9 10 11 | 11.8
Armour         | 5 8 9 10 11 13 14 15 | 15.1
Fighting       | 5 8 9 10 11 13 14 15 | 15.1
Shields        | 5 |  5.3
Invocations    | 6 8 9 10 12 14 | 14.3

Action                   |  1- 3 |  4- 6 |  7- 9 | 10-12 | 13-15 || total
-------------------------+-------+-------+-------+-------+-------++-------
Melee: Flail             |    67 |     2 |       |       |       ||    69
       Dire flail        |       |     5 |    57 |   319 |    42 ||   423
Invok: Divine Shield     |       |       |     1 |     6 |     2 ||     9
Evoke: Wand              |       |       |       |     3 |       ||     3
  Use: Potion            |     2 |     1 |     1 |     7 |     1 ||    12
  Eat: Chunk             |       |       |       |     3 |       ||     3
       Ration            |       |       |       |       |     1 ||     1
Armor: Scale mail        |    25 |     1 |    13 |    39 |       ||    78
       Plate armour      |       |       |       |    62 |    14 ||    76
Dodge: Dodged            |    27 |     5 |    16 |    98 |     4 ||   150
Block: Shield            |    31 |     1 |       |       |       ||    32
       Other             |       |       |     9 |    54 |     6 ||    69
